 Dungeon Crawl Stone Soup version 0.31-a0-142-g31f6795574 (webtiles) character file.

Game seed: 11756692977029228600

156 pokeman the Magician (level 5, -2/29 HPs)
             Began as a Deep Elf Hedge Wizard on June 3, 2023.
             Slain by an orc
             ... wielding a +0 falchion
              (7 damage)
             ... on level 3 of the Dungeon.
             The game lasted 00:03:17 (2747 turns).

pokeman the Magician (Deep Elf Hedge Wizard)        Turns: 2747, Time: 00:03:17

Health: -2/29      AC:  2    Str:  7    XL:     5   Next: 14%
Magic:  9/15       EV: 13    Int: 21    God:
Gold:   108        SH:  0    Dex: 14    Spells: 8/16 levels left

rFire   . . .        j - +2 dagger (freeze)
rCold   . . .        (no shield)
rNeg    . . .        b - +0 robe
rPois   .            c - +0 hat
rElec   .            (no cloak)
rCorr   .            (no gloves)
SInv    .            (no boots)
Will    .....        (no amulet)
Stlth   ++           (no ring)
HPRegen 0.24/turn    (no ring)
MPRegen 0.14/turn

%: no passive effects
@: very slightly contaminated
A: no striking features
a: no special abilities


You were on level 3 of the Dungeon.
You visited 1 branch of the dungeon, and saw 3 of its levels.

You collected 108 gold pieces.

Inventory:

Hand Weapons
 j - a +2 dagger of freezing (weapon)
Armour
 b - a +0 robe (worn)
 c - a +0 hat (worn)
Scrolls
 a - a scroll of magic mapping {unknown}
 e - 2 scrolls of brand weapon {unknown}
 f - 2 scrolls of identify {unknown}
 g - a scroll of silence {unknown}
 h - 3 scrolls of amnesia {unknown}
 l - 2 scrolls of fear {unknown}
 m - a scroll of poison {unknown}
 n - a scroll of enchant armour {unknown}
Potions
 d - a potion of magic
 i - a potion of lignification {unknown}
 k - 2 potions of might {unknown}


   Skills:
 - Level 1.0 Fighting
 - Level 1.0 Armour
 - Level 3.0 Dodging
 - Level 3.0 Stealth
 * Level 6.1 Spellcasting
 + Level 2.5 Conjurations
 - Level 1.1 Summonings
 - Level 1.1 Translocations
 + Level 0.0 Air Magic
 + Level 0.0 Poison Magic


You had 8 spell levels left.
You knew the following spells:

 Your Spells              Type           Power      Damage    Failure   Level
a - Magic Dart            Conj           68%        1d6       3%          1
b - Mephitic Cloud        Conj/Pois/Air  10%        N/A       21%         3
c - Call Imp              Summ           22%        N/A       10%         2
d - Blink                 Tloc           22%        N/A       10%         2

Your spell library contained the following spells:

 Spells                   Type           Power      Damage    Failure   Level
 Beastly Appendage        Tmut           12%        N/A       10%         1
 Slow                     Hex            24%        N/A       10%         1
 Cigotuvi's Dreadful Rot  Necr/Pois/Air  12%        N/A       14%         2
 Wereblood                Tmut           6%         N/A       14%         2
 Spider Form              Tmut/Pois      6%         N/A       28%         3
 Manifold Assault         Tloc           11%        N/A       52%         4
 Storm Form               Tmut/Air       3%         N/A       100%        7


Dungeon Overview and Level Annotations

Branches:
Dungeon (3/15)

Altars:
Dithmenos


Message History

You barely miss the orc.
The orc wizard hits the orc with a +0 dagger.
The orc hits you with a +0 falchion.
Casting: Mephitic Cloud (quite dangerous; 21% risk of failure)
Confirm with . or Enter, or press ? or * to list all spells.
Aiming: Magic Dart (safe; 3% risk of failure)
Press: ? - help, Shift-Dir - straight line, f/p - orc wizard
Aim: an orc wizard, wielding a +0 dagger and wearing a +0 robe (heavily wounded, confused, 100% to hit)
The magic dart hits the orc.
The orc is almost dead.
The orc wizard hits the orc but does no damage.
The orc misses you.
Casting: Magic Dart (safe; 3% risk of failure)
Confirm with . or Enter, or press ? or * to list all spells.
Aiming: Magic Dart (safe; 3% risk of failure)
Press: ? - help, Shift-Dir - straight line, f/p - orc wizard
Aim: an orc wizard, wielding a +0 dagger and wearing a +0 robe (heavily wounded, confused, 100% to hit)
The magic dart hits the orc but does no damage.
The orc is almost dead.
The orc closely misses you.
Casting: Magic Dart (safe; 3% risk of failure)
Confirm with . or Enter, or press ? or * to list all spells.
Aiming: Magic Dart (safe; 3% risk of failure)
Press: ? - help, Shift-Dir - straight line, f - orc
Aim: an orc, wielding a +0 falchion and wearing a +0 leather armour (almost dead, 100% to hit)
The magic dart hits the orc but does no damage.
The orc is almost dead.
The orc hits you with a +0 falchion!
* * * LOW HITPOINT WARNING * * *
Casting: Magic Dart (safe; 3% risk of failure)
Confirm with . or Enter, or press ? or * to list all spells.
Aiming: Magic Dart (safe; 3% risk of failure)
Press: ? - help, Shift-Dir - straight line, f/p - orc
Aim: an orc, wielding a +0 falchion and wearing a +0 leather armour (almost dead, 100% to hit)
You miscast Magic Dart.
You are very lightly contaminated with residual magic.
Nothing appears to happen.
The orc wizard hits something with a +0 dagger.
The orc hits you with a +0 falchion!
You die...

##.###.#.#..)..# .#
.)).##.#.#.##..# .#
##).##.#.#.##..# .#
#..............# .#
#.###..........# .#
#.# #........#####.#
#.###.##.#.#.....oo#
#.....##.#...###o#.#
#.#.####<#.### #@#o#
.........#.# #.#.#
....######.# #.#o.
..#.## #.# #.###
..>..#####.# #)#
#.......##.# #.#
###..##.# #.#
#..##.# #.# #..##.#


You could see an orc wizard (confused) and an orc.

Vanquished Creatures
  An orc priest (D:3)
  A hound (D:2)
  4 adders (D:2)
  A worm (D:2)
  4 dart slugs
  3 orcs (D:3)
  9 bats
  8 endoplasms
  3 hobgoblins (D:2)
  A quokka (D:1)
  7 ball pythons
  3 frilled lizards
  3 goblins
  2 kobolds
  A rat (D:2)
51 creatures vanquished.

Notes
Turn   | Place    | Note
-------+----------+-------------------------------------------
     0 | D:1      | pokeman the Deep Elf Hedge Wizard began the quest for the
                  | Orb.
     0 | D:1      | Reached XP level 1. HP: 10/10 MP: 7/7
   535 | D:1      | Reached XP level 2. HP: 16/16 MP: 5/9
  1358 | D:2      | Reached skill level 5 in Spellcasting
  1364 | D:2      | Reached XP level 3. HP: 12/20 MP: 2/11
  1368 | D:2      | Learned a level 3 spell: Mephitic Cloud
  1371 | D:2      | Learned a level 2 spell: Call Imp
  1374 | D:2      | Learned a level 2 spell: Blink
  1845 | D:2      | Reached skill level 1 in Fighting
  1845 | D:2      | Reached skill level 1 in Armour
  2045 | D:2      | Reached XP level 4. HP: 25/25 MP: 11/13
  2410 | D:3      | Reached skill level 6 in Spellcasting
  2410 | D:3      | Reached XP level 5. HP: 7/29 MP: 5/15
  2661 | D:3      | Found a shadowy altar of Dithmenos.
  2747 | D:3      | Slain by an orc

Illustrated notes

Levels and vault maps discovered:
D:1:      dpeg_chamrin_arrival_tetris, layout_basic,
          amcnicky_mini_corridor_feature, nicolae_titane
D:2:      layout_basic, minmay_pentomino_r2
D:3:      layout_loops_ring, nicolae_dithmenos_through_a_glass_darkly

Skill      XL: |  1  2  3  4  5 |
---------------+----------------+-----
Spellcasting   | 5 6 |  6.1
Fighting       | 1 |  1.0
Armour         | 1 |  1.0
Conjurations   | 2 |  2.5
Stealth        | 3 |  3.0
Dodging        | 3 |  3.0
Summonings     | |  1.1
Translocations | |  1.1

Action                     |  1- 3 |  4- 6 || total
---------------------------+-------+-------++-------
  Melee: Dagger            |     8 |    10 ||    18
   Cast: Magic Dart        |    95 |    38 ||   133
         Mephitic Cloud    |       |     3 ||     3
   Stab: Confused          |       |     3 ||     3
 Armour: Robe              |     2 |     2 ||     4
  Dodge: Dodged            |    15 |    10 ||    25

Table legend: (Time is in decaauts)
 A = Elapsed time spent in this place.
 B = Non-inter-level travel time spent in this place.
 C = Inter-level travel time spent in this place.
 D = Time resting spent in this place.
 E = Time spent auto-exploring this place.
 F = Levels seen in this place.
 G = Mean time per level.
                   A        B        C        D        E       F      G
               +--------+--------+--------+--------+--------+-----+--------+
         Total |   2746 |   2733 |     13 |      0 |   2462 |   3 |  915.3 |
       Dungeon |   2746 |   2733 |     13 |      0 |   2462 |   3 |  915.3 |
               +--------+--------+--------+--------+--------+-----+--------+

Top non-repeatable levels by time:
     D:2: 1212 daAuts
     D:1: 1062 daAuts
     D:3: 471 daAuts
